HSSL
SANTA FE HS CHIEFS @ BUTLER HS GOLDEN TORNADO
05/15/2029
 
TOP OF THE 1ST
Santa Fe HS Chiefs batting - Pitching for Butler HS Golden Tornado : RHP Ken Aldridge
Pitching: RHP Ken Aldridge
Batting: RHB Chris Ledoux 0-0: Hit by Pitch
Batting: RHB Stanley Austin 0-0: Ball
1-0: Ball
2-0: Foul Ball, location: 2F
2-1: Foul Ball, location: 2F
2-2: Strikes out swinging
Batting: SHB Victor Gaines 0-0: Ball
1-0: Fly out, F9 (Flyball, 9S)
Batting: RHB Jake Henshaw 0-0: Ball
1-0: Swinging Strike
1-1: SINGLE (Groundball, 34D)
Chris Ledoux to second
Runner from 2nd tries for 3rd, SAFE, throw made to third
Batting: RHB Dave Cooke 0-0: Called Strike
0-1: Foul Ball, location: 2F
0-2: Strikes out swinging
Top of the 1st over - 0 runs, 1 hit, 0 errors, 2 left on base; Santa Fe HS 0 - Butler HS 0
BOTTOM OF THE 1ST
Butler HS Golden Tornado batting - Pitching for Santa Fe HS Chiefs : RHP José Martínez
Pitching: RHP José Martínez
Batting: RHB Nick Washington 0-0: Ball
1-0: Foul Ball, location: 2F
1-1: Called Strike
1-2: Ball
2-2: Ball
3-2: Base on Balls
Batting: RHB Miguel Gómes 0-0: Swinging Strike
0-1: Called Strike
0-2: Foul Ball, location: 2F
0-2: Ball
1-2: Ground out 4-3 (Groundball, 4S)
Nick Washington to second
Batting: LHB Francisco Sousa 0-0: Foul Ball, location: 2F
0-1: Foul Ball, location: 2F
0-2: Ball
1-2: Foul Ball, location: 2F
1-2: Foul Ball, location: 2F
1-2: Strikes out swinging
Batting: RHB Luis Mota 0-0: Called Strike
0-1: Ball
1-1: Ball
2-1: Ball
3-1: Foul Ball, location: 2F
3-2: Ground out 3-1 (Groundball, 2R)
Bottom of the 1st over - 0 runs, 0 hits, 0 errors, 1 left on base; Santa Fe HS 0 - Butler HS 0
TOP OF THE 2ND
Santa Fe HS Chiefs batting - Pitching for Butler HS Golden Tornado : RHP Ken Aldridge
Batting: RHB Bryan Tillman 0-0: Called Strike
0-1: Ball
1-1: Swinging Strike
1-2: SINGLE (Flyball, 89S)
Batting: RHB Jamal Martínez 0-0: Ball
1-0: Called Strike
1-1: Ball
2-1: Ball
3-1: Base on Balls
Bryan Tillman to second
Batting: SHB Greg Ayers 0-0: Called Strike
0-1: Swinging Strike
0-2: Ball
1-2: Strikes out looking
Batting: RHB Bruce Cunningham 0-0: Called Strike
0-1: Ball
1-1: Ball
2-1: Called Strike
2-2: Grounds into double play, 6-4-3 (Groundball, 6)
Top of the 2nd over - 0 runs, 1 hit, 0 errors, 1 left on base; Santa Fe HS 0 - Butler HS 0
BOTTOM OF THE 2ND
Butler HS Golden Tornado batting - Pitching for Santa Fe HS Chiefs : RHP José Martínez
Batting: SHB Víctor Ortíz 0-0: Ball
1-0: Ground out 6-3 (Groundball, 6)
Batting: RHB Victor Frank 0-0: Called Strike
0-1: Swinging Strike
0-2: Ball
1-2: Strikes out swinging
Batting: RHB Ernie Saunders 0-0: Ball
1-0: Called Strike
1-1: Ball
2-1: Swinging Strike
2-2: Fly out, F9 (Line Drive, 9D)
Bottom of the 2nd over - 0 runs, 0 hits, 0 errors, 0 left on base; Santa Fe HS 0 - Butler HS 0
TOP OF THE 3RD
Santa Fe HS Chiefs batting - Pitching for Butler HS Golden Tornado : RHP Ken Aldridge
Batting: RHB Chris Ledoux 0-0: SINGLE (Line Drive, 4MD)
Batting: RHB Stanley Austin 0-0: Ball
Chris Ledoux steals 2nd base
1-0: Foul Ball, location: 2F
1-1: Ball
2-1: DOUBLE (Line Drive, 7LM)
Chris Ledoux scores
Batting: SHB Victor Gaines 0-0: Ball
1-0: Ground out 4-3 (Groundball, 4S)
Stanley Austin to third
Batting: RHB Jake Henshaw 0-0: Foul Ball, location: 2F
0-1: Foul Ball, location: 2F
0-2: Fly out, F7 (Flyball, 7LMF)
Runner from 3rd tags up, SCORES, no throw
Batting: RHB Dave Cooke 0-0: Ball
1-0: Swinging Strike
1-1: Ground out 5-3 (Groundball, 5)
Top of the 3rd over - 2 runs, 2 hits, 0 errors, 0 left on base; Santa Fe HS 2 - Butler HS 0
BOTTOM OF THE 3RD
Butler HS Golden Tornado batting - Pitching for Santa Fe HS Chiefs : RHP José Martínez
Batting: RHB Michael Edmonds 0-0: Called Strike
0-1: Foul Ball, location: 2F
0-2: Ball
1-2: DOUBLE (Groundball, 5L)
Batting: RHB Matt McDonald 0-0: Called Strike
0-1: Ball
1-1: Ground out 5-3 (Groundball, 5L)
Batting: RHB Nick Washington 0-0: Ball
1-0: Called Strike
1-1: Fly out, F9 (Flyball, 9S)
Batting: RHB Miguel Gómes 0-0: Ball
1-0: Called Strike
1-1: Ball
2-1: Ball
3-1: Foul Ball, location: 2F
3-2: Base on Balls
Batting: LHB Francisco Sousa 0-0: Called Strike
0-1: Foul Ball, location: 2F
0-2: Ball
1-2: Ball
2-2: SINGLE (Groundball, 6S) (infield hit)
Michael Edmonds to third
Miguel Gómes to second
Batting: RHB Luis Mota 0-0: Called Strike
0-1: Foul Ball, location: 2F
0-2: Strikes out looking
Bottom of the 3rd over - 0 runs, 2 hits, 0 errors, 3 left on base; Santa Fe HS 2 - Butler HS 0
TOP OF THE 4TH
Santa Fe HS Chiefs batting - Pitching for Butler HS Golden Tornado : RHP Ken Aldridge
Batting: RHB Bryan Tillman 0-0: Ball
1-0: SINGLE (Groundball, 56D)
Batting: RHB Jamal Martínez 0-0: Foul Ball, location: 2F
0-1: Ball
1-1: 2-RUN HOME RUN (Flyball, 7LD), Distance : 365 ft
Batting: SHB Greg Ayers 0-0: Ball
1-0: Called Strike
1-1: Foul Ball, location: 2F
1-2: Ball
2-2: Foul Ball, location: 2F
2-2: Foul Ball, location: 2F
2-2: Foul Ball, location: 2F
2-2: Fly out, F7 (Flyball, 7S)
Batting: RHB Bruce Cunningham 0-0: Fly out, F8 (Flyball, 8LD)
Batting: RHB Chris Ledoux 0-0: Foul Ball, location: 2F
0-1: Ball
1-1: Ball
2-1: Called Strike
2-2: Foul Ball, location: 2F
2-2: Ball
3-2: Ground out 5-3 (Groundball, 5)
Top of the 4th over - 2 runs, 2 hits, 0 errors, 0 left on base; Santa Fe HS 4 - Butler HS 0
BOTTOM OF THE 4TH
Butler HS Golden Tornado batting - Pitching for Santa Fe HS Chiefs : RHP José Martínez
Batting: SHB Víctor Ortíz 0-0: Ball
1-0: Ground out U3 (Groundball, 3L)
Batting: RHB Victor Frank 0-0: Ball
1-0: Called Strike
1-1: Fly out, F7 (Flyball, 78M)
Batting: RHB Ernie Saunders 0-0: Called Strike
0-1: Swinging Strike
0-2: Strikes out swinging
Bottom of the 4th over - 0 runs, 0 hits, 0 errors, 0 left on base; Santa Fe HS 4 - Butler HS 0
TOP OF THE 5TH
Santa Fe HS Chiefs batting - Pitching for Butler HS Golden Tornado : RHP Ken Aldridge
Batting: RHB Stanley Austin 0-0: Ball
1-0: SINGLE (Groundball, 6MD)
Batting: SHB Victor Gaines 0-0: Ball
1-0: Ball
2-0: SINGLE (Flyball, 9LS)
Stanley Austin to second
Runner from 2nd tries for 3rd, SAFE, no throw
Batting: RHB Jake Henshaw 0-0: Fly out, F8 (Flyball, 8RD)
Runner from 3rd tags up, SCORES, throw made
Now in CF: Tom Copeland
Batting: RHB Dave Cooke 0-0: Foul Ball, location: 2F
0-1: Ball
1-1: Foul Ball, location: 2F
1-2: Foul Ball, location: 2F
1-2: Ball
2-2: Strikes out swinging
Batting: RHB Bryan Tillman 0-0: Swinging Strike
0-1: Foul Ball, location: 2F
0-2: Ball
1-2: Ground out 5-3 (Groundball, 56)
Top of the 5th over - 1 run, 2 hits, 0 errors, 1 left on base; Santa Fe HS 5 - Butler HS 0
BOTTOM OF THE 5TH
Butler HS Golden Tornado batting - Pitching for Santa Fe HS Chiefs : RHP José Martínez
Batting: RHB Michael Edmonds 0-0: Ground out 5-3 (Groundball, 56S)
Batting: RHB Matt McDonald 0-0: Ball
1-0: Called Strike
1-1: SINGLE (Flyball, 89S)
Batting: RHB Nick Washington 0-0: Called Strike
Matt McDonald steals 2nd base
0-1: Ball
1-1: Ball
2-1: Fly out, F8 (Flyball, 8RD)
Runner from 2nd tags up, SAFE at 3rd with throw
Batting: RHB Miguel Gómes 0-0: Ball
1-0: Fly out, F9 (Flyball, 9)
Bottom of the 5th over - 0 runs, 1 hit, 0 errors, 1 left on base; Santa Fe HS 5 - Butler HS 0
TOP OF THE 6TH
Santa Fe HS Chiefs batting - Pitching for Butler HS Golden Tornado : RHP Ken Aldridge
Pitching: LHP Bobby Briggs
Batting: RHB Jamal Martínez 0-0: Ball
1-0: Ball
2-0: Called Strike
2-1: Ball
3-1: Foul Ball, location: 2F
3-2: Base on Balls
Batting: SHB Greg Ayers 0-0: Fly out, F6 (Line Drive, 56)
Lined into DP, 6-3 (Line Drive, 56)
Batting: RHB Bruce Cunningham 0-0: Called Strike
0-1: Swinging Strike
0-2: Ball
1-2: Strikes out looking
Top of the 6th over - 0 runs, 0 hits, 0 errors, 0 left on base; Santa Fe HS 5 - Butler HS 0
BOTTOM OF THE 6TH
Butler HS Golden Tornado batting - Pitching for Santa Fe HS Chiefs : RHP José Martínez
Batting: LHB Francisco Sousa 0-0: Ball
1-0: Ball
2-0: Ball
3-0: Called Strike
3-1: Foul Ball, location: 2F
3-2: Foul Ball, location: 2F
3-2: Fly out, F8 (Line Drive, 78M)
Pitching: RHP Joe Green
Batting: RHB Luis Mota 0-0: Ball
1-0: Ball
2-0: Called Strike
2-1: Ball
3-1: Foul Ball, location: 2F
3-2: Strikes out looking
Batting: SHB Víctor Ortíz 0-0: Ball
1-0: Foul Ball, location: 2F
1-1: Swinging Strike
1-2: Strikes out swinging
Bottom of the 6th over - 0 runs, 0 hits, 0 errors, 0 left on base; Santa Fe HS 5 - Butler HS 0
TOP OF THE 7TH
Santa Fe HS Chiefs batting - Pitching for Butler HS Golden Tornado : LHP Bobby Briggs
Batting: RHB Chris Ledoux 0-0: Foul Ball, location: 2F
0-1: SOLO HOME RUN (Flyball, 7LD), Distance : 347 ft
Batting: RHB Stanley Austin 0-0: Ball
1-0: Swinging Strike
1-1: Called Strike
1-2: Ball
2-2: Foul Ball, location: 2F
2-2: Ball
3-2: Base on Balls
Batting: SHB Victor Gaines 0-0: Ball
1-0: DOUBLE (Line Drive, 8LD)
Stanley Austin to third
Runner from 3rd tries for Home, SAFE, no throw
Batting: RHB Jake Henshaw 0-0: Called Strike
0-1: SINGLE (Line Drive, 89S)
Victor Gaines to third
Batting: RHB Dave Cooke 0-0: Ball
1-0: Called Strike
1-1: Called Strike
1-2: Strikes out swinging
Batting: RHB Bryan Tillman 0-0: Called Strike
0-1: Ball
1-1: Ball
2-1: SINGLE (Groundball, 4MD)
Victor Gaines scores
Jake Henshaw to second
Runner from 2nd tries for 3rd, SAFE, no throw
Batting: RHB Jamal Martínez 0-0: Called Strike
0-1: Ball
1-1: SINGLE (Flyball, 9S)
Jake Henshaw scores
Bryan Tillman to second
Runner from 2nd tries for 3rd, SAFE, throw made to third
Batting: SHB Greg Ayers 0-0: Called Strike
0-1: Foul Ball, location: 2F
0-2: Strikes out swinging
Batting: RHB Bruce Cunningham 0-0: Ball
1-0: Ball
2-0: Foul Ball, location: 2F
2-1: Ball
3-1: Base on Balls
Jamal Martínez to second
Batting: RHB Chris Ledoux 0-0: Called Strike
0-1: Ball
1-1: Ball
2-1: Foul Ball, location: 2F
2-2: Foul Ball, location: 2F
2-2: Strikes out looking
Top of the 7th over - 4 runs, 5 hits, 0 errors, 3 left on base; Santa Fe HS 9 - Butler HS 0
BOTTOM OF THE 7TH
Butler HS Golden Tornado batting - Pitching for Santa Fe HS Chiefs : RHP Joe Green
Batting: RHB Tom Copeland 0-0: Swinging Strike
0-1: Ball
1-1: Foul Ball, location: 2F
1-2: Fly out, F4 (Popup, 4S)
Batting: RHB Ernie Saunders 0-0: SINGLE (Line Drive, 56D)
Batting: RHB Michael Edmonds 0-0: Ball
1-0: Ball
2-0: Ball
3-0: Called Strike
3-1: Fly out, F9 (Flyball, 9S)
Batting: RHB Matt McDonald 0-0: Foul Ball, location: 2F
0-1: Called Strike
0-2: Strikes out swinging
Bottom of the 7th over - 0 runs, 1 hit, 0 errors, 1 left on base; Santa Fe HS 9 - Butler HS 0
TOP OF THE 8TH
Santa Fe HS Chiefs batting - Pitching for Butler HS Golden Tornado : LHP Bobby Briggs
Batting: RHB Stanley Austin 0-0: Fly out, F8 (Flyball, 89M)
Batting: SHB Victor Gaines 0-0: Ball
1-0: Fly out, F9 (Flyball, 9LM)
Batting: RHB Jake Henshaw 0-0: Swinging Strike
0-1: SINGLE (Line Drive, 8RS)
Batting: RHB Dave Cooke 0-0: Ground out 1-3 (Groundball, 15S)
Top of the 8th over - 0 runs, 1 hit, 0 errors, 1 left on base; Santa Fe HS 9 - Butler HS 0
BOTTOM OF THE 8TH
Butler HS Golden Tornado batting - Pitching for Santa Fe HS Chiefs : RHP Joe Green
Batting: RHB Nick Washington 0-0: Ball
1-0: Ground out 6-3 (Groundball, 6)
Batting: RHB Miguel Gómes 0-0: Ball
1-0: Ball
2-0: Fly out, F8 (Flyball, 89S)
Now in CF: Luis Freitas
Batting: LHB Francisco Sousa 0-0: Ball
1-0: Foul Ball, location: 2F
1-1: TRIPLE (Flyball, 89XD)
Batting: RHB Luis Mota 0-0: SINGLE (Popup, 6MD)
Francisco Sousa scores
Batting: SHB Víctor Ortíz 0-0: Ball
1-0: Ball
2-0: Ground out 4-3 (Groundball, 4)
Bottom of the 8th over - 1 run, 2 hits, 0 errors, 1 left on base; Santa Fe HS 9 - Butler HS 1
TOP OF THE 9TH
Santa Fe HS Chiefs batting - Pitching for Butler HS Golden Tornado : LHP Bobby Briggs
Batting: LHB Luis Freitas 0-0: Ball
1-0: Foul Ball, location: 2F
1-1: Called Strike
1-2: Ball
2-2: Strikes out swinging
Batting: RHB Jamal Martínez 0-0: Ball
1-0: SOLO HOME RUN (Flyball, 7D), Distance : 387 ft
Batting: SHB Greg Ayers 0-0: Called Strike
0-1: Called Strike
0-2: Ball
1-2: Foul Ball, location: 2F
1-2: Fly out, F9 (Flyball, 9)
Batting: RHB Bruce Cunningham 0-0: Ball
1-0: Ball
2-0: Ball
3-0: Called Strike
3-1: Base on Balls
Batting: RHB Chris Ledoux 0-0: Foul Ball, location: 2F
0-1: Ball
1-1: Fielders Choice at 2nd, 6-4 (Groundball, 6)
Top of the 9th over - 1 run, 1 hit, 0 errors, 1 left on base; Santa Fe HS 10 - Butler HS 1
BOTTOM OF THE 9TH
Butler HS Golden Tornado batting - Pitching for Santa Fe HS Chiefs : RHP Joe Green
Batting: RHB Tom Copeland 0-0: Called Strike
0-1: Ball
1-1: Ball
2-1: Ground out U3 (Groundball, 3)
Batting: RHB Ernie Saunders 0-0: Ball
1-0: Ball
2-0: Ball
3-0: Called Strike
3-1: Called Strike
3-2: Foul Ball, location: 2F
3-2: Foul Ball, location: 2F
3-2: Foul Ball, location: 2F
3-2: Base on Balls
Pitching: RHP Jay Johnson
Batting: RHB Michael Edmonds 0-0: Swinging Strike
0-1: SINGLE (Groundball, 6MD)
Ernie Saunders to second
Batting: RHB Matt McDonald 0-0: Ball
1-0: Ball
2-0: Foul Ball, location: 2F
2-1: Ball
3-1: Foul Ball, location: 2F
3-2: Strikes out looking
Batting: RHB Nick Washington 0-0: Ball
1-0: Called Strike
1-1: Called Strike
1-2: Ball
2-2: Ball
3-2: Fly out, F6 (Line Drive, 6)
Bottom of the 9th over - 0 runs, 1 hit, 0 errors, 2 left on base; Santa Fe HS 10 - Butler HS 1
Saturday, December 16th, 2017 - OOTP Baseball 18.8 Build 76